 Dungeon Crawl Stone Soup version 0.27-a0-419-g7a85846853 (webtiles) character file.

Game seed: 7600273972477752757

104 Patagonicus the Chopper (level 4, -5/41 HPs)
             Began as a Minotaur Berserker on Feb 26, 2021.
             Was a Believer of Trog.
             Slain by an orc warrior
             ... wielding a +0 mace
              (14 damage)
             ... on level 2 of the Dungeon.
             The game lasted 00:01:33 (834 turns).

Patagonicus the Chopper (Minotaur Berserker)         Turns: 834, Time: 00:01:34

Health: -5/41      AC:  2    Str: 22    XL:     4   Next: 52%
Magic:  3/3        EV: 12    Int:  4    God:    Trog [**....]
Gold:   37         SH:  0    Dex: 10    Spells: 3/3 levels left

rFire    . . .     SeeInvis .   a - +0 hand axe
rCold    . . .     Faith    .   (no shield)
rNeg     . . .     Spirit   .   b - +0 animal skin
rPois    .         Reflect  .   (helmet restricted)
rElec    .         Harm     .   (no cloak)
rCorr    .         Rampage  .   (no gloves)
Will     .....                  (no boots)
Stlth    +.........             (no amulet)
HPRegen  0.13/turn              (no ring)
MPRegen  0.08/turn              (no ring)

@: berserk cooldown, slowed, very slow
A: retaliatory headbutt, horns 2
a: Renounce Religion, Berserk, Trog's Hand


You were on level 2 of the Dungeon.
You worshipped Trog.
Trog was pleased with you.
You visited 1 branch of the dungeon, and saw 2 of its levels.

You collected 37 gold pieces.

Inventory:

Hand Weapons
 a - a +0 hand axe (weapon)
Armour
 b - a +0 animal skin (worn)
Scrolls
 c - 2 scrolls of identify {unknown}
 f - 2 scrolls of enchant weapon {unknown}
 g - a scroll of fog {unknown}
 h - 3 scrolls of enchant armour {unknown}
Potions
 d - 2 potions of flight {unknown}
 e - a potion of experience {unknown}


   Skills:
 + Level 4.6 Fighting
 + Level 5.0 Axes
 + Level 2.9 Armour
 + Level 2.7 Dodging
 + Level 0.2 Stealth


You had 3 spell levels left.
You didn't know any spells.
Your spell library was empty.

Dungeon Overview and Level Annotations

Branches:
Dungeon (2/15)

Altars:

Annotations:
D:1 1 runed translucent door


Innate Abilities, Weirdness & Mutations

You reflexively headbutt those who attack you in melee.
You have a pair of horns on your head.


Message History

You kill the goblin!
Trog accepts your kill.
You hit Robin.
Robin says, "My army is invincible!"
Robin barely misses you. You furiously retaliate!
You headbutt Robin. You barely miss Robin. You headbutt Robin.
Robin is almost dead.
You hit the orc warrior but do no damage.
The orc warrior hits you with a +0 mace!!
You slash Robin!
You kill Robin!
Trog accepts your kill.
You hit the orc warrior.
Your Axes skill increases to level 5!
You closely miss the orc warrior.
The orc warrior is lightly wounded.
You miss the goblin.
The orc warrior hits you with a +0 mace!
You hit the orc warrior.
The orc warrior is moderately wounded.
You slash the goblin!
You kill the goblin!
Trog accepts your kill.
You hit the orc warrior but do no damage.
You headbutt the orc warrior.
The orc warrior is moderately wounded.
You closely miss the goblin.
You are no longer berserk.
You are exhausted.
You feel yourself slow down.
The orc warrior hits you with a +0 mace!
* * * LOW HITPOINT WARNING * * *
You are too injured to fight recklessly!
You are too injured to fight recklessly!
You are too injured to fight recklessly!
You are too injured to fight recklessly!
The goblin barely misses you.
You see here a goblin corpse.
The orc warrior hits you with a +0 mace!
You die...

.............#
.............#
.............
......$.....
..........########
......)).........#
#†...[.....#
######.og.......#
#..≈.≈≈..@........
..≈...≈≈≈.....####
≈≈≈≈≈≈.≈.≈≈≈≈≈≈≈≈#
≈≈≈≈≈≈≈≈.≈≈≈≈≈≈###
≈≈...≈.≈...≈..##
.≈............#######
....≈..≈............#
...)...............#
#..
...................#
..


You could see an orc warrior and a goblin (strong).

Vanquished Creatures
  An orc priest (D:2)
  An orc wizard (D:2)
  Robin (D:2)
  A dart slug (D:1)
  2 giant cockroaches
  10 goblins
  7 hobgoblins
  5 bats
  4 frilled lizards
  A kobold (D:2)
  6 rats
39 creatures vanquished.

Notes
Turn   | Place    | Note
-------+----------+-------------------------------------------
     0 | D:1      | Patagonicus the Minotaur Berserker began the quest for the
                  | Orb.
     0 | D:1      | Reached XP level 1. HP: 19/19 MP: 0/0
     1 | D:1      | Found a runed translucent door.
   230 | D:1      | Reached XP level 2. HP: 27/27 MP: 1/1
   238 | D:1      | Reached skill level 4 in Axes
   582 | D:2      | Reached ** piety under Trog
   811 | D:2      | Noticed Robin
   815 | D:2      | Reached XP level 3. HP: 33/33 MP: 2/2
   816 | D:2      | Noticed an orc warrior
   824 | D:2      | Reached XP level 4. HP: 41/41 MP: 3/3
   829 | D:2      | Killed Robin
   830 | D:2      | Reached skill level 5 in Axes
   834 | D:2      | Slain by an orc warrior

Illustrated notes

Levels and vault maps discovered:
D:1:      dpeg_arrival_caged_fury, layout_rooms
D:2:      layout_basic, eino_tiny_chamber, chequers_serial_rivers_small_3,
          uniq_jessica, uniq_terence, uniq_robin

Skill      XL: |  1  2  3  4 |
---------------+-------------+-----
Axes           | 4 5 |  5.0
Fighting       | 4 |  4.6
Armour         | |  2.9
Dodging        | |  2.7
Stealth        | |  0.2

Action                   |  1- 3 |  4- 6 || total
-------------------------+-------+-------++-------
Melee: Hand axe          |    60 |     9 ||    69
       Headbutt          |     5 |     2 ||     7
Invok: Berserk           |     1 |       ||     1
 Stab: Sleeping          |     1 |       ||     1
Armor: Animal skin       |    15 |     1 ||    16
Dodge: Dodged            |    41 |     4 ||    45

Table legend: (Time is in decaauts)
 A = Elapsed time spent in this place.
 B = Non-inter-level travel time spent in this place.
 C = Inter-level travel time spent in this place.
 D = Time resting spent in this place.
 E = Time spent auto-exploring this place.
 F = Levels seen in this place.
 G = Mean time per level.
                   A        B        C        D        E       F      G
               +--------+--------+--------+--------+--------+-----+--------+
         Total |    835 |    831 |      4 |      0 |    684 |   2 |  417.5 |
       Dungeon |    835 |    831 |      4 |      0 |    684 |   2 |  417.5 |
               +--------+--------+--------+--------+--------+-----+--------+

Top non-repeatable levels by time:
     D:1: 574 daAuts
     D:2: 260 daAuts
